 Dungeon Sprint DCSS version 0.19.1 (webtiles) character file.

17377 equalderp2856 the Eviscerator (level 12, -3/58 HPs)
             Began as a Felid Fighter on Nov 30, 2016.
             Was an Initiate of Gozag.
             Killed from afar by a thorn hunter (32 damage)
             ... with a volley of thorns
             ... in the Dungeon (Sprint IX: "|||||||||||||||||||||||||||||").
             The game lasted 00:27:22 (12466 turns).

equalderp2856 the Eviscerator (Felid Fighter)      Turns: 12466, Time: 00:27:23

Health: -3/58      AC:  3    Str: 14    XL:     12   Next: 18%
Magic:  18/18      EV: 37    Int: 11    God:    Gozag
Gold:   8635       SH:  4    Dex: 17    Spells: 0 memorised, 11 levels left
                                        Lives:  0   Deaths: 3

rFire  . . .     SeeInvis +       - Unarmed
rCold  + . .     Gourm    .     (armour unavailable)
rNeg   . . .     Faith    .     (shield unavailable)
rPois  .         Spirit   .     (helmet unavailable)
rElec  .         Reflect  +     (cloak unavailable)
rCorr  .         Harm     .     (gloves unavailable)
MR     +....     NoTele   +     (boots unavailable)
Stlth  ++++++++..               z - +4 amulet of reflection
                                n - +2 ring of evasion
                                m - +2 ring of evasion

@: gold aura, quick
A: no armour, no weapons or thrown items, stealth, claws 1, fangs 3, see
invisible, carnivore 3, speed 1, shaggy fur 3, slow metabolism 1, sharp paws
a: Potion Petition, Call Merchant, Bribe Branch, Renounce Religion


You were in the Dungeon.
You worshipped Gozag.
Gozag was greatly pleased with you.
You were not hungry.

You visited 1 branch You collected 12231 gold pieces.
You spent 1755 gold pieces at shops.
You paid 1841 gold pieces to Gozag.

Inventory:

Jewellery
 d - an uncursed ring of protection from magic
 m - a +2 ring of evasion (left paw)
 n - a +2 ring of evasion (right paw)
 r - an uncursed ring of fire
 s - an uncursed ring of protection from fire
 x - an uncursed ring of flight
 y - an uncursed ring of stealth
 z - a +4 amulet of reflection (around neck)
 A - an uncursed ring of protection from fire
Wands
 l - a wand of lightning (1/15)
Scrolls
 h - 3 scrolls of blinking
 j - 4 scrolls of remove curse
 k - 2 scrolls of amnesia
 w - a scroll of identify
Potions
 b - 2 potions of cure mutation
 c - 2 potions of curing
 e - a potion of haste
 f - 4 potions of magic
 g - a potion of berserk rage
 i - a potion of invisibility
 o - a potion of resistance
 p - a potion of cancellation
 q - 2 potions of lignification {unknown}
 t - a potion of might
 u - a potion of brilliance
 v - a potion of heal wounds
Books
 C - a book of the Earth

   Spells                             Type                      Level
   a - Leda's Liquefaction            Hexes/Earth                  4
   b - Bolt of Magma                  Conjuration/Fire/Earth       5
   c - Statue Form                    Transmutation/Earth          6
   d - Iron Shot                      Conjuration/Earth            6
   e - Shatter                        Earth                        9
Miscellaneous
 B - a sack of spiders
Comestibles
 a - 10 meat rations


   Skills:
 + Level 10.0 Fighting
 + Level 18.7 Dodging
 + Level 18.6 Stealth
 + Level 25.8 Unarmed Combat
 + Level 7.3 Evocations


You had 11 spell levels left.
You didn't know any spells.

Dungeon Overview and Level Annotations

Branches:
Dungeon (1/1)

Altars:
Cheibriados
Dithmenos
Elyvilon
Fedhas
Gozag
Hepliaklqana
Kikubaaqudgha
Makhleb
Nemelex Xobeh
Okawaru
Qazlal
Ru
Sif Muna
Trog
Uskayaw
Vehumet
Xom
Yredelemnul
Zin
The Shining One
Beogh
Jiyva
Lugonu

Shops:
D (=[*?:}


Innate Abilities, Weirdness & Mutations

You cannot wear armour.
You are incapable of wielding weapons or throwing items.
Your paws allow you to move quietly. (Stealth)
You have sharp claws.
You have razor-sharp teeth.
You have supernaturally acute eyesight. (SInv)
You are carnivorous and can eat meat at any time.
You cover ground quickly.
Your thick and shaggy fur keeps you warm. (AC +3, rC+)
You have a slow metabolism.
Your sharp claws are effective at attacking unaware monsters.


Message History

The spriggan druid misses you.
A swamp dragon comes into view.
The swamp dragon roars deafeningly!
You eviscerate the spriggan druid!!!
With its final breath, the spriggan druid offers up its power to the beasts of the wild!
The swamp dragon seems to grow more fierce.
You kill the spriggan druid!
Thorny briars emerge from the ground!
There is an open door to the Swamp, spattered with blood here.
Things that are here:
63 gold pieces; a quarterstaff; a robe You are struck by the briar patch's thorns.
You scratch the briar patch but do no damage.
The thorn hunter gestures.
Thorny briars emerge from the ground!
The thorn hunter fires a volley of thorns at you.
The volley of thorns hits you!
Ouch! That really hurt!
You die...
Your body crumbles into a pile of gold.

▓▓▓▓▓▓▓▓▓▓▓▓▓▓▓▓▓♣♣♣♣♣♣♣♣
.....).'...PP...@$P.fD...
▓▓▓▓▓▓▓▓▓▓▓▓▓▓▓▓▓♣♣♣♣♣♣♣♣♣♣▓▓▓▓▓▓
.............)...................
▓▓▓▓▓▓▓▓▓▓▓▓▓▓▓▓▓▓▓▓▓▓▓▓▓▓▓▓▓▓▓▓▓
[[[[....[[....'.)..(....∩.∩...'..
▓▓▓▓▓▓▓▓▓▓▓▓▓▓▓▓▓▓▓▓▓▓▓▓▓▓▓▓▓▓▓▓▓
...........(.....................
▓▓▓▓▓▓▓▓▓▓▓▓▓▓▓▓▓▓▓▓▓▓▓▓▓▓▓▓▓▓▓▓▓
)[[[[.......'[[)).∩.∩.∩.∩.∩...'..


You could see a thorn hunter and a swamp dragon.

Vanquished Creatures
  2 nagarajas (D)
  A very ugly thing (D)
  2 stone giants (D)
  An ettin (D)
  A fire dragon (D)
  Josephine (D)
  5 hydras (D)
  Erica (D)
  2 alligators (D)
  An anaconda (D)
  A vampire mage (D)
  7 orc high priests (D)
  Sonja (D)
  A hell knight (D)
  A salamander mystic (D)
  2 spriggan druids (D)
  A harpy (D)
  2 naga ritualists (D)
  A wolf spider (D)
  A mana viper (D)
  6 orc knights (D)
  2 deep elf magi (D)
  An ugly thing (D)
  2 manticores (D)
  Joseph (D)
  A black mamba (D)
  2 komodo dragons (D)
  A demonic crawler (D)
  A yaktaur (shapeshifter) (D)
  A troll (D)
  2 merfolk (D)
  2 polar bears (D)
  4 jumping spiders (D)
  A wind drake (D)
  A snapping turtle (D)
  A blink frog (D)
  A slime creature (D)
  2 water elementals (D)
  A redback (D)
  A vampire (D)
  4 wraiths (D)
  2 tarantellas (D)
  A vampire mosquito (D)
  A naga (D)
  3 water moccasins (D)
  3 porcupines (D)
  11 orc warriors (D)
  7 black bears (D)
  A wolf (D)
  An ogre (D)
  4 crocodiles (D)
  3 bullfrogs (D)
  A wight (D)
  4 hounds (D)
  2 orc wizards (D)
  3 orc priests (D)
  An iguana (D)
  A worker ant (D)
  A shadow imp (D)
  An adder skeleton (D)
  11 orcs (D)
  A goblin (D)
  A hobgoblin (D)
  A ball python (D)
  3 frilled lizards (D)
  A leopard gecko skeleton (D)
142 creatures vanquished.

Notes
Turn   | Place    | Note
-------+----------+-------------------------------------------
     0 | D        | equalderp2856 the Felid Fighter began the quest for the Orb.
     0 | D        | Reached XP level 1. HP: 10/10 MP: 2/2
    17 | D        | Noticed a worker ant
    17 | D        | Noticed an ogre
    19 | D        | Killed a worker ant
    19 | D        | Reached skill level 5 in Dodging
    19 | D        | Reached skill level 1 in Stealth
    19 | D        | Reached skill level 5 in Unarmed Combat
    19 | D        | Reached XP level 2. HP: 15/15 MP: 3/3
    25 | D        | Killed an ogre
    25 | D        | Reached skill level 5 in Fighting
    25 | D        | Reached skill level 8 in Unarmed Combat
    25 | D        | Reached XP level 3. HP: 19/19 MP: 4/4
    25 | D        | Reached XP level 4. HP: 23/23 MP: 5/5
    35 | D        | Found a roughly hewn altar of Beogh.
    35 | D        | Found a snail-covered altar of Cheibriados.
    35 | D        | Found a shadowy altar of Dithmenos.
    35 | D        | Found a white marble altar of Elyvilon.
    35 | D        | Found a blossoming altar of Fedhas.
    35 | D        | Found an opulent altar of Gozag.
    36 | D        | Found a hazy altar of Hepliaklqana.
    37 | D        | Found a viscous altar of Jiyva.
    38 | D        | Found an ancient bone altar of Kikubaaqudgha.
    39 | D        | Found a corrupted altar of Lugonu.
    40 | D        | Found a burning altar of Makhleb.
    41 | D        | Found a sparkling altar of Nemelex Xobeh.
    42 | D        | Found an iron altar of Okawaru.
    43 | D        | Found a stormy altar of Qazlal.
    44 | D        | Found a sacrificial altar of Ru.
    47 | D        | Became a worshipper of Gozag Ym Sagoz the Greedy
    50 | D        | Found a deep blue altar of Sif Muna.
    51 | D        | Found a bloodstained altar of Trog.
    52 | D        | Found a hide-covered altar of Uskayaw.
    53 | D        | Found a radiant altar of Vehumet.
    54 | D        | Found a shimmering altar of Xom.
    55 | D        | Found a basalt altar of Yredelemnul.
    56 | D        | Found a glowing silver altar of Zin.
    57 | D        | Found a glowing golden altar of the Shining One.
    84 | D        | Noticed an orc warrior
    93 | D        | Reached XP level 5. HP: 15/26 MP: 6/6
    99 | D        | Reached skill level 9 in Unarmed Combat
   111 | D        | Killed an orc warrior
   111 | D        | Reached skill level 5 in Stealth
   111 | D        | Reached skill level 10 in Unarmed Combat
   111 | D        | Gained mutation: You are covered in thick fur. (AC +2) [Felid growth]
   111 | D        | Reached XP level 6. HP: 20/31 MP: 7/7
   227 | D        | Noticed a four-headed hydra
   227 | D        | Noticed a vampire
   368 | D        | Reached skill level 11 in Unarmed Combat
   532 | D        | Killed a vampire
   532 | D        | Reached skill level 12 in Unarmed Combat
   532 | D        | Reached XP level 7. HP: 26/35 MP: 8/8
  2060 | D        | Killed a four-headed hydra
  2060 | D        | Reached skill level 10 in Dodging
  2060 | D        | Reached skill level 14 in Unarmed Combat
  2060 | D        | Reached XP level 8. HP: 39/40 MP: 8/10
  2103 | D        | Noticed Erica
  2110 | D        | Killed Erica
  2110 | D        | Reached skill level 10 in Stealth
  2110 | D        | Reached skill level 15 in Unarmed Combat
  2199 | D        | Noticed a seven-headed hydra
  2200 | D        | Noticed a polar bear
  2201 | D        | Reached XP level 9. HP: 43/43 MP: 12/12
  2203 | D        | Killed a seven-headed hydra
  2203 | D        | Reached skill level 16 in Unarmed Combat
  2205 | D        | Noticed a seven-headed hydra
  2901 | D        | Killed a polar bear
  3634 | D        | Killed a seven-headed hydra
  3634 | D        | Reached skill level 17 in Unarmed Combat
  3634 | D        | Reached skill level 5 in Evocations
  3634 | D        | Reached XP level 10. HP: 48/48 MP: 14/14
  3759 | D        | Noticed a seven-headed hydra
  4295 | D        | Killed a seven-headed hydra
  5311 | D        | Reached skill level 18 in Unarmed Combat
  5466 | D        | Noticed Josephine
  5481 | D        | Killed Josephine
  5498 | D        | Reached XP level 11. HP: 44/53 MP: 17/17
  5570 | D        | Noticed Sonja
  5582 | D        | Killed Sonja
  5582 | D        | Reached skill level 19 in Unarmed Combat
  5779 | D        | Noticed an ettin
  5786 | D        | Killed an ettin
  5982 | D        | Reached skill level 20 in Unarmed Combat
  6088 | D        | Found Vit Kinn's Weapon Emporium.
  6088 | D        | Noticed an orc high priest
  6088 | D        | Noticed an orc knight
  6088 | D        | Noticed an orc knight
  6088 | D        | Noticed an orc high priest
  6088 | D        | Noticed an orc high priest
  6089 | D        | Noticed an orc high priest
  6090 | D        | Killed an orc high priest
  6091 | D        | Found Yfrooh's Jewellery Shoppe.
  6091 | D        | Noticed an orc knight
  6092 | D        | Killed an orc knight
  6093 | D        | Noticed an orc knight
  6093 | D        | Killed an orc knight
  6099 | D        | Killed an orc high priest
  6100 | D        | Found Mafuy's Antique Armour Emporium.
  6107 | D        | Noticed an orc high priest
  6109 | D        | Killed an orc high priest
  6109 | D        | Reached skill level 21 in Unarmed Combat
  6110 | D        | Noticed an orc knight
  6123 | D        | Noticed a sixfirhy
  6146 | D        | HP: 2/53 [sixfirhy[an orc high priest] (12)]
  6146 | D        | Mangled by a sixfirhy
  6147 | D        | Reached XP level 10. HP: -7/49 MP: 16/16
  6290 | D        | Noticed an orange demon
  6293 | D        | Killed an orc high priest
  6293 | D        | Reached skill level 15 in Dodging
  6304 | D        | Noticed an orange demon
  6306 | D        | Killed an orc knight
  6595 | D        | Killed an orc knight
  6595 | D        | Reached XP level 11. HP: 53/53 MP: 17/17
  6622 | D        | Killed an orc high priest
  6622 | D        | Reached skill level 15 in Stealth
  6687 | D        | Killed an orc knight
  6743 | D        | Found Papith's Magic Scroll Shoppe.
  6748 | D        | Noticed an orc knight
  6749 | D        | Noticed an orc high priest
  6750 | D        | Noticed an orc high priest
  6762 | D        | HP: 2/53 [orc high priest/divine providence (10)]
  6770 | D        | Killed from afar by an orc high priest
  6771 | D        | Reached XP level 10. HP: -9/49 MP: 16/16
  6779 | D        | Killed an orc knight
  6779 | D        | Reached skill level 22 in Unarmed Combat
  6782 | D        | Killed an orc high priest
  6785 | D        | Noticed a sun demon
  6795 | D        | Noticed a sun demon
  7186 | D        | Killed an orc high priest
  7328 | D        | Noticed Joseph
  7343 | D        | Killed Joseph
  7446 | D        | Noticed a deep elf mage
  7446 | D        | Noticed a five-headed hydra
  7446 | D        | Noticed a guardian serpent
  7449 | D        | Noticed a deep elf mage
  7451 | D        | Killed a deep elf mage
  7454 | D        | Killed a five-headed hydra
  7454 | D        | Reached XP level 11. HP: 43/53 MP: 17/17
  7456 | D        | Noticed a vampire mage
  7509 | D        | Noticed a swamp dragon
  7916 | D        | Killed a deep elf mage
  7924 | D        | Killed a vampire mage
  7924 | D        | Reached skill level 23 in Unarmed Combat
  8003 | D        | Noticed a brown ugly thing
  8004 | D        | Noticed a stone giant
  8010 | D        | Noticed a fire dragon
  8012 | D        | Killed a brown ugly thing
  8021 | D        | Killed a stone giant
  8023 | D        | Noticed a green very ugly thing
  8025 | D        | Noticed a stone giant
  8363 | D        | Bought an uncursed ring of flight for 210 gold pieces
  8363 | D        | Bought an uncursed ring of stealth for 210 gold pieces
  8363 | D        | Bought a +4 amulet of reflection for 300 gold pieces
  8363 | D        | Bought an uncursed ring of protection from fire for 300 gold pieces
  8369 | D        | Bought a sack of spiders for 240 gold pieces
  8474 | D        | Killed a fire dragon
  8706 | D        | Killed a green very ugly thing
  8818 | D        | Killed a stone giant
  8884 | D        | Noticed a hell knight
  9113 | D        | Killed a hell knight
  9113 | D        | Reached skill level 24 in Unarmed Combat
  9448 | D        | Noticed a wolf spider
  9473 | D        | Killed a wolf spider
  9473 | D        | Gained mutation: Your thick and shaggy fur keeps you warm. (AC +3, rC+) [Felid growth]
  9473 | D        | Reached XP level 12. HP: 32/57 MP: 18/18
  9665 | D        | Noticed an anaconda
  9665 | D        | Noticed a nagaraja
  9844 | D        | Killed an anaconda
 10453 | D        | Bought a papyrus book for 495 gold pieces
 10556 | D        | Killed a nagaraja
 10596 | D        | Noticed a nagaraja
 11044 | D        | Slain by a nagaraja
 11045 | D        | Reached XP level 11. HP: -2/54 MP: 17/17
 11313 | D        | Killed a nagaraja
 11313 | D        | Reached skill level 25 in Unarmed Combat
 11357 | D        | Noticed a harpy
 11826 | D        | Reached skill level 10 in Fighting
 11841 | D        | Killed a harpy
 11979 | D        | Noticed an alligator
 11979 | D        | Noticed a spriggan druid
 11979 | D        | Noticed an alligator
 11979 | D        | Noticed a spriggan druid
 11979 | D        | Noticed a thorn hunter
 12236 | D        | Killed an alligator
 12236 | D        | Reached XP level 12. HP: 32/58 MP: 18/18
 12460 | D        | Killed an alligator
 12466 | D        | Killed from afar by a thorn hunter

Skill      XL: |  1  2  3  4  5  6  7  8  9 10 11 12 |
---------------+-------------------------------------+-----
Fighting       | 4 5 6 7 8 9 10 | 10.0
Dodging        | 5 6 7 8 10 12 15 18 17 | 18.7
Stealth        | 1 3 5 7 9 10 12 16 17 18 | 18.6
Unarmed Combat | 5 8 10 12 14 15 17 22 25 | 25.8
Evocations     | 2 3 5 7 |  7.3

Action                   |  1- 3 |  4- 6 |  7- 9 | 10-12 || total
-------------------------+-------+-------+-------+-------++-------
Melee: Unarmed           |    14 |    71 |    47 |   525 ||   657
       Bite              |     3 |     6 |     5 |    65 ||    79
       Punch             |     1 |     2 |     7 |    53 ||    63
Invok: Call Merchant     |       |       |       |     3 ||     3
Evoke: Wand              |       |       |    11 |     8 ||    19
  Use: Potion            |       |     2 |     4 |     6 ||    12
       Scroll            |       |       |     1 |     2 ||     3
 Stab: Sleeping          |     2 |     1 |     3 |     4 ||    10
       Distracted        |       |       |       |    11 ||    11
  Eat: Meat ration       |       |       |     1 |     2 ||     3
Armor: Skin              |       |       |       |    10 ||    10
Dodge: Dodged            |     6 |    65 |    70 |   387 ||   528
Block: Other             |       |       |       |     8 ||     8
